Map: Abyssal Reef LE

Players

ShoWTimE - Winner!

  • Race: Protoss Protoss
  • Spawn Location: 11:00

NightEnD

  • Race: Protoss Protoss
  • Spawn Location: 5:00

Event: WCS Jonkoping 2017

VOD

Have the link to the VOD?

Description

Time

  • Played on: June 17, 2017, 11:27 a.m.
  • Length: 12:13

All games in this series

Show
View Real Time Build Order
Export as new Build Order

ShoWTimE Protoss - Winner!

Build Orders:  

Get SALT Encoding   

  12  0:01  Probe (Chrono Boost)  
  13  0:11  Probe (Chrono Boost)  
  14  0:17  Pylon  
  14  0:22  Probe (Chrono Boost)  
  16  0:35  Probe (Chrono Boost)  
  16  0:37  Gateway  
  16  0:42  Assimilator  
  16  0:46  Probe (Chrono Boost)  
  17  0:50  Assimilator  
  17  0:56  Probe (Chrono Boost)  
  18  1:07  Probe (Chrono Boost), Gateway  
  19  1:17  Probe (Chrono Boost)  
  20  1:24  Cybernetics Core  
  20  1:28  Probe (Chrono Boost)  
  20  1:31  Pylon  
  21  1:38  Probe (Chrono Boost)  
  22  1:49  Probe (Chrono Boost)  
  23  2:00  Adept x2  
  29  2:02  Mothership Core (Chrono Boost), Warp Gate (Chrono Boost)  
  29  2:12  Pylon  
  29  2:28  Stalker  
  31  2:30  Stalker  
  33  2:56  Probe  
  33  2:58  Nexus  
  34  3:01  Sentry  
  36  3:05  Pylon  
  36  3:08  Probe  
  37  3:20  Probe  
  37  3:25  Robotics Facility  
  38  3:32  Probe  
  39  3:37  Twilight Council  
  39  3:44  Probe  
  40  3:52  Sentry  
  42  3:56  Probe  
  43  4:08  Probe  
  43  4:09  Probe  
  44  4:11  Observer (Chrono Boost)  
  44  4:13  Pylon  
  44  4:15  Assimilator  
  44  4:16  Phoenix  
  46  4:17  Blink (Chrono Boost)  
  46  4:21  Probe x2  
  48  4:31  Immortal  
  48  4:33  Probe x2  
  54  4:45  Probe x2  
  52  4:48  Forge  
  52  4:56  Pylon  
  52  4:57  Probe x2  
  54  5:02  Phoenix  
  54  5:05  Immortal  
  54  5:09  Probe x2  
  60  5:16  Assimilator  
  60  5:21  Probe x2  
  60  5:22  Protoss Ground Weapons Level 1 (Chrono Boost)  
  62  5:31  Gateway  
  62  5:33  Probe, Gateway  
  63  5:38  Robotics Bay  
  63  5:41  Probe  
  64  5:44  Immortal  
  68  5:53  Sentry  
  70  6:08  Stalker  
  72  6:12  Nexus  
  72  6:15  Pylon  
  72  6:19  Stalker  
  72  6:21  Observer  
  75  6:28  Stalker  
  75  6:30  Pylon  
  77  6:33  Stalker x2  
  77  6:39  Probe  
  83  6:40  Probe, Disruptor  
  83  6:41  Pylon  
  86  6:53  Probe x2  
  86  7:08  Stalker  
  86  7:09  Stalker x3  
  86  7:10  Probe x2  
  90  7:16  Disruptor  
  90  7:19  Protoss Ground Weapons Level 2 (Chrono Boost)  
  93  7:29  Probe x2  
  95  7:30  Probe  
  95  7:31  Photon Cannon  
  95  7:35  Photon Cannon  
  96  7:37  Photon Cannon  
  96  7:39  Probe  
  96  7:41  Probe  
  96  7:42  Probe  
  99  7:49  Disruptor  
  99  7:50  Probe  
  97  7:54  Probe  
  100  8:01  Probe x2  
  100  8:03  Assimilator  
  100  8:04  Assimilator  
  102  8:07  Mothership Core  
  102  8:09  Stalker x2  
  102  8:10  Stalker x2  
  110  8:17  Photon Cannon  
  110  8:22  Disruptor  
  110  8:23  Probe  
  110  8:25  Charge  
  110  8:35  Stalker x3  
  111  8:47  Robotics Facility  
  111  8:52  Gateway  
  111  8:54  Gateway  
  111  9:05  Stalker  
  111  9:06  Stalker x2  
  111  9:07  Nexus  
  111  9:09  Pylon  
  117  9:13  Pylon  
  117  9:20  Protoss Ground Weapons Level 3 (Chrono Boost)  
  117  9:22  Disruptor  
  117  9:31  Gateway  
  120  9:33  Gateway  
  119  9:40  Stalker x3  
  119  9:43  Stalker  
  119  9:59  Disruptor  
  115  10:07  Stalker  
  115  10:11  Pylon x2  
  117  10:15  Pylon x2  
  117  10:18  Pylon  
  117  10:28  Pylon  
  117  10:34  Mothership Core, Disruptor  
  118  10:42  Zealot x4  
  106  11:01  Zealot  
  94  11:10  Zealot x4  
  84  11:38  Stalker x3  
  84  11:39  Zealot x2  
  82  12:02  Nexus  
  82  12:04  Zealot x8  
Show
View Real Time Build Order
Export as new Build Order

NightEnD Protoss 

Build Orders:  

Get SALT Encoding   

  12  0:01  Probe (Chrono Boost)  
  13  0:11  Probe (Chrono Boost)  
  14  0:19  Pylon  
  14  0:23  Probe (Chrono Boost)  
  15  0:37  Probe (Chrono Boost), Gateway  
  16  0:45  Assimilator  
  16  0:48  Probe (Chrono Boost)  
  17  0:53  Assimilator  
  17  0:58  Probe (Chrono Boost)  
  18  1:10  Probe (Chrono Boost), Gateway  
  19  1:21  Probe (Chrono Boost)  
  20  1:26  Cybernetics Core  
  20  1:31  Probe (Chrono Boost)  
  21  1:40  Pylon  
  21  1:42  Probe (Chrono Boost)  
  22  1:52  Probe (Chrono Boost)  
  23  2:03  Warp Gate (Chrono Boost)  
  23  2:04  Stalker  
  23  2:05  Stalker  
  27  2:14  Pylon  
  27  2:20  Mothership Core  
  29  2:41  Probe  
  30  2:50  Nexus  
  30  2:59  Stalker  
  32  3:06  Stalker  
  34  3:20  Robotics Facility  
  34  3:25  Probe  
  35  3:29  Pylon  
  35  3:38  Probe (Chrono Boost)  
  36  3:43  Twilight Council  
  36  3:51  Probe (Chrono Boost)  
  37  3:58  Stalker  
  37  4:02  Probe (Chrono Boost)  
  40  4:03  Stalker  
  40  4:07  Probe (Chrono Boost)  
  43  4:12  Probe (Chrono Boost)  
  43  4:15  Observer  
  45  4:17  Blink  
  45  4:18  Probe (Chrono Boost)  
  45  4:23  Probe (Chrono Boost)  
  47  4:28  Probe (Chrono Boost)  
  48  4:33  Probe (Chrono Boost)  
  47  4:39  Probe (Chrono Boost)  
  47  4:44  Observer, Probe (Chrono Boost)  
  49  4:49  Probe (Chrono Boost)  
  49  4:50  Forge  
  50  4:54  Pylon, Probe (Chrono Boost)  
  52  5:00  Probe (Chrono Boost)  
  52  5:05  Probe (Chrono Boost)  
  53  5:10  Probe (Chrono Boost)  
  54  5:15  Probe (Chrono Boost)  
  54  5:17  Gateway  
  54  5:18  Gateway  
  54  5:19  Observer  
  54  5:21  Probe (Chrono Boost)  
  57  5:23  Protoss Ground Weapons Level 1 (Chrono Boost)  
  57  5:26  Probe (Chrono Boost)  
  58  5:31  Assimilator  
  58  5:32  Probe  
  58  5:33  Assimilator  
  59  5:38  Probe  
  59  5:42  Pylon  
  60  5:44  Probe  
  60  5:47  Robotics Bay  
  61  5:50  Probe  
  61  5:56  Probe  
  63  6:02  Probe  
  64  6:08  Probe  
  65  6:14  Probe  
  65  6:16  Robotics Facility  
  66  6:19  Pylon  
  66  6:20  Probe  
  66  6:22  Nexus  
  67  6:26  Probe  
  67  6:32  Probe  
  69  6:36  Disruptor (Chrono Boost)  
  69  6:38  Probe  
  73  6:40  Pylon  
  73  6:41  Stalker x2  
  73  6:43  Stalker  
  73  6:44  Probe  
  80  6:50  Probe  
  79  6:54  Pylon x2  
  79  6:58  Stalker  
  62  7:15  Disruptor (Chrono Boost)  
  62  7:16  Disruptor (Chrono Boost)  
  62  7:20  Probe x2  
  69  7:32  Probe x2, Stalker x2  
  75  7:37  Nexus  
  75  7:42  Stalker x2  
  79  7:44  Probe x2  
  77  8:00  Disruptor x2 (Chrono Boost)  
  83  8:10  Stalker x4  
  90  8:13  Pylon  
  90  8:14  Pylon  
  90  8:31  Disruptor (Chrono Boost), Warp Prism (Chrono Boost)  
  79  8:48  Stalker x3  
  79  8:49  Stalker  
  88  9:02  Disruptor (Chrono Boost)  
  88  9:09  Disruptor (Chrono Boost)  
  91  9:13  Stalker  
  93  9:21  Stalker x2  
  97  9:27  Nexus  
  97  9:43  Stalker x2  
  99  9:46  Stalker x2  
  99  10:10  Stalker x4  
  104  10:18  Disruptor (Chrono Boost)  
  94  10:30  Disruptor (Chrono Boost)  
  95  10:41  Stalker  
  95  10:42  Stalker  
  99  10:43  Zealot x2  
  82  11:17  Stalker x2  
  70  11:31  Stalker x2  
Tags
 
Add a new tag
Caveats
  • Supply blocks, unpowered buildings, or Contaminate may cause inaccurate times.
  • Supply counts are checked every 10 seconds.